 Dungeon Crawl Stone Soup version 0.29.1-1-gd02db6906a (webtiles) character file.

Game seed: 6072968529703332765

184 brightshaft the Shooter (level 5, -3/27 HPs)
             Began as a Spriggan Hunter on Sept 18, 2022.
             Was an Initiate of Dithmenos.
             Slain by a scorpion (5 damage)
             ... on level 4 of the Dungeon.
             The game lasted 00:06:34 (3418 turns).

brightshaft the Shooter (Spriggan Hunter)           Turns: 3418, Time: 00:06:34

Health: -3/27      AC:  3    Str: 11    XL:     5   Next: 36%
Magic:  6/6        EV: 19    Int:  9    God:    Dithmenos [......]
Gold:   191        SH:  0    Dex: 20    Spells: 4/4 levels left

rFire   . . .      SeeInvis +   a - +0 shortbow
rCold   . . .      Faith    .   (shield currently unavailable)
rNeg    . . .      Spirit   .   c - +1 robe
rPois   .          Reflect  .   (helmet restricted)
rElec   .          Harm     .   (no cloak)
rCorr   .          Rampage  .   (gloves unavailable)
Will    .....                   (boots unavailable)
Stlth   +++.......              (no amulet)
HPRegen 0.09/turn               (no ring)
MPRegen 0.10/turn               (no ring)

@: lethally poisoned (-3 -> -7), very quick
A: very small, no large weapons, unfitting armour, see invisible, speed 3,
deterioration 1, strong 1
a: Renounce Religion


You were on level 4 of the Dungeon.
You worshipped Dithmenos.
Dithmenos was noncommittal.
You visited 2 branches of the dungeon, and saw 5 of its levels.

You collected 191 gold pieces.

Inventory:

Hand Weapons
 a - a +0 shortbow (weapon)
 b - a +2 dagger of freezing
Armour
 c - a +1 robe (worn)
Magical Staves
 k - a staff of air
 p - a staff of death
Jewellery
 i - a ring of ice
Scrolls
 d - a scroll of immolation
 m - a scroll of identify
 n - a scroll of magic mapping
 o - 2 scrolls of teleportation
 s - a scroll of amnesia {unknown}
 t - a scroll of summoning {unknown}
Potions
 e - a potion of mutation
 f - 2 potions of attraction
 g - a potion of magic {unknown}
 h - a potion of haste {unknown}
 j - a potion of berserk rage {unknown}
 l - a potion of invisibility {unknown}
 q - a potion of lignification {unknown}
 r - a potion of curing {unknown}


   Skills:
 + Level 2.4 Fighting
 * Level 5.2 Ranged Weapons
 + Level 4.1 Dodging
 + Level 3.9 Stealth


You had 4 spell levels left.
You didn't know any spells.
Your spell library was empty.

Dungeon Overview and Level Annotations

Branches:
Dungeon (4/15)             Temple (1/1) D:4

Altars:
Ashenzari
Cheibriados
Dithmenos
Elyvilon
Fedhas
Gozag
Hepliaklqana
Makhleb
Nemelex Xobeh
Okawaru
Qazlal
Ru
Sif Muna
Trog
Uskayaw
Vehumet
Wu Jian
Yredelemnul
Zin

Shops:
D:1 !


Innate Abilities, Weirdness & Mutations

You are very small and have problems with some larger weapons.
You are too small for most types of armour.
You have supernaturally acute eyesight. (SInv)
You cover ground extremely quickly. (Speed+++)
Your body sometimes deteriorates upon taking damage.
Your muscles are strong. (Str +4, Int/Dex -1)


Message History

You are lethally poisoned!
The scorpion poisons you! The scorpion closely misses you.
You are too injured to fight recklessly!
You are too injured to fight recklessly!
You are too injured to fight recklessly!
You are too injured to fight recklessly!
You are too injured to fight recklessly!
You are too injured to fight recklessly!
Fire: a) +0 shortbow
Press: ? - help, Q - select action Shift-Dir - straight line, f/p - scorpion
Aim: a scorpion (severely wounded, 65% to hit)
You shoot an arrow.
The arrow hits the scorpion but does no damage.
The scorpion is severely wounded.
* * * LOW HITPOINT WARNING * * *
You feel very sick.
The scorpion stings you but does no damage.
It was a potion of mutation.
You feel extremely strange.
You feel yourself wasting away.
You feel stronger.
* * * LOW HITPOINT WARNING * * *
You feel sick. The scorpion closely misses you. The scorpion misses you.
You are lethally poisoned (5 -> -2).
Your movement speed is very quick.
Your attack delay is about 1.2.
Your base attributes are Str 7, Int 10, Dex 21.
Fire: a) +0 shortbow
Press: ? - help, Shift-Dir - straight line, f/p - scorpion
Aim: a scorpion (severely wounded, 65% to hit)
You shoot an arrow.
The arrow completely misses the scorpion.
* * * LOW HITPOINT WARNING * * *
You feel sick. The scorpion barely misses you.
Fire: a) +0 shortbow
Press: ? - help, Shift-Dir - straight line, f/p - scorpion
Aim: a scorpion (severely wounded, 65% to hit)
You shoot an arrow.
The arrow hits the scorpion but does no damage.
The scorpion is severely wounded.
* * * LOW HITPOINT WARNING * * *
You feel sick. The scorpion stings you.
You die...

#####.######.#.#.#
#.#...# ....#.#
#.#.#.# #....##
.....)# #.#.#.#
###.## ###.###
#...#.# ##.# #.#
##..#.####..# #.#
#..#.##...##
#.#########....##.###
#.#........#.#.s..#
#.#<######.#.#@####
#.########.#.###
#.......[..#.#
############.# ..#
###


You could see a scorpion.

Vanquished Creatures
  A black bear (D:4)
  2 adders
  A worm (D:4)
  A dart slug (D:1)
  5 orcs (D:3)
  3 ball pythons
  4 endoplasms
  7 giant cockroaches
  7 goblins
  4 hobgoblins
  4 jackals
  2 kobolds
  5 quokkas
  3 bats (D:1)
  3 frilled lizards
  4 rats
56 creatures vanquished.

Notes
Turn   | Place    | Note
-------+----------+-------------------------------------------
     0 | D:1      | brightshaft the Spriggan Hunter began the quest for the
                  | Orb.
     0 | D:1      | Reached XP level 1. HP: 10/10 MP: 2/2
   212 | D:1      | Reached XP level 2. HP: 15/15 MP: 3/3
   484 | D:1      | Found Essoll's Distillery.
   724 | D:1      | Reached XP level 3. HP: 18/18 MP: 4/4
  1233 | D:2      | Found a faded altar of an unknown god.
  2651 | D:3      | Reached XP level 4. HP: 23/23 MP: 5/5
  2766 | D:4      | Noticed a black bear
  2783 | D:4      | Killed a black bear
  2784 | D:4      | Reached skill level 5 in Ranged Weapons
  2784 | D:4      | Reached XP level 5. HP: 27/27 MP: 6/6
  2934 | D:4      | Found a staircase to the Ecumenical Temple.
  3015 | Temple   | Entered the Ecumenical Temple
  3323 | Temple   | Became a worshipper of Dithmenos the Shadowed
  3416 | D:4      | Gained mutation: Your body sometimes deteriorates upon
                  | taking damage. [potion of mutation]
  3416 | D:4      | Gained mutation: Your muscles are strong. (Str +4, Int/Dex
                  | -1) [potion of mutation]
  3418 | D:4      | Slain by a scorpion

Illustrated notes

Levels and vault maps discovered:
D:1:      tarquinn_simple_flora_water_a, layout_rooms, serial_shops,
          nicolae_shop_trees, serial_co_window_serial, co_window_paths_a,
          co_window_paths_a, co_window_paths_a, co_window_of_opportunity_a,
          co_window_of_opportunity_a, co_window_broadway_c, co_window_2corner,
          co_window_broadway_c, co_window_corner_cb, co_window_corner_b,
          co_window_paths_c, co_window_broadway_a, glass_columns_c,
          glass_columns_a, glass_columns_c, glass_columns_b, glass_columns_b,
          minmay_heptomino_w4
D:2:      layout_loops_corners, shapermc_ecumenical_altar_gd, minivault_24
D:3:      layout_loops_ring, chequers_serial_rivers_micro_a
D:4:      layout_basic, minmay_temple_entry_slanted
Temple:   hellmonk_temple_of_storms

Skill      XL: |  1  2  3  4 |
---------------+-------------+-----
Stealth        | 2 3 |  3.9
Dodging        | 3 4 |  4.1
Fighting       | 2 |  2.4
Ranged Weapons | 5 |  5.2

Action                   |  1- 3 |  4- 6 || total
-------------------------+-------+-------++-------
 Fire: Shortbow          |   102 |    63 ||   165
  Use: Scroll            |     6 |       ||     6
       Potion            |       |     1 ||     1
Armor: Robe              |     4 |     6 ||    10
Dodge: Dodged            |    35 |    39 ||    74
